Workbook

Sheet Mortgage Comparison
A1: Original Purchase Price | B1: 250000
A2: Down Payment % | B2: 10
A3: Closing Cost % | B3: 3
A4: Market Interest Rate | B4: 6.75
A5: Buydown Interest Rate | B5: 6.25
A6: Seller Credit ($) | B6: 3000
A7: Price Reduction ($) | B7: 10000
A8: Term (Years) | B8: 30
B10: Market Rate and Price | C10: Price Reduction | D10: Seller-Paid Rate Buydown | E10: Equivalent Price Reduction | F10: Price Reduction Needed ($)
A11: Purchase Price | B11: =B1 | C11: =B1-B7 | D11: =B1 | E11: =( D15 / ( -PMT((B4/100)/12,B8*12,1,0,0) ) ) / (1-(B2/100)) | F11: =B1 - E11
A12: Loan Amount | B12: =B11*(1-(B2/100)) | C12: =C11*(1-(B2/100)) | D12: =D11*(1-(B2/100)) | E12: =E11*(1-(B2/100))
A13: Interest Rate | B13: =B4/100 | C13: =B4/100 | D13: =B5/100 | E13: =B4/100
A14: Term (Months) | B14: =B8*12 | C14: =B8*12 | D14: =B8*12 | E14: =B8*12
A15: Payment (P&I) | B15: =-PMT(B13/12,B14,B12,0,0) | C15: =-PMT(C13/12,C14,C12,0,0) | D15: =-PMT(D13/12,D14,D12,0,0) | E15: =-PMT(E13/12,E14,E12,0,0)
A16: Cash to Close | B16: =((B2/100)*B11)+((B3/100)*B11) | C16: =((B2/100)*C11)+((B3/100)*C11) | D16: =((B2/100)*D11)+((B3/100)*D11)-B6 | E16: =((B2/100)*E11)+((B3/100)*E11)
A17: Monthly Savings | B17: =0 | C17: =B15-C15 | D17: =B15-D15 | E17: =B15-E15
A26: Adjust values in column B (rows 1-8) for different scenarios.

Sheet Combined Calculator
A1: Original Purchase Price | B1: 250000
A2: Down Payment % | B2: 10
A3: Closing Cost % | B3: 3
A4: Market Interest Rate | B4: 6.75
A5: Buydown Interest Rate | B5: 6.25
A6: Seller Credit ($) | B6: 3000
A7: Price Reduction ($) | B7: 10000
A8: Term (Years) | B8: 30
B10: Market Rate and Price | C10: Price Reduction | D10: Seller-Paid Rate Buydown | E10: Equivalent Price Reduction | F10: Price Reduction Needed ($)
A11: Purchase Price | B11: =B1 | C11: =B1-B7 | D11: =B1 | E11: =( D15 / ( -PMT((B4/100)/12,B8*12,1,0,0) ) ) / (1-(B2/100)) | F11: =B1 - E11
A12: Loan Amount | B12: =B11*(1-(B2/100)) | C12: =C11*(1-(B2/100)) | D12: =D11*(1-(B2/100)) | E12: =E11*(1-(B2/100))
A13: Interest Rate | B13: =B4/100 | C13: =B4/100 | D13: =B5/100 | E13: =B4/100
A14: Term (Months) | B14: =B8*12 | C14: =B8*12 | D14: =B8*12 | E14: =B8*12
A15: Payment (P&I) | B15: =-PMT(B13/12,B14,B12,0,0) | C15: =-PMT(C13/12,C14,C12,0,0) | D15: =-PMT(D13/12,D14,D12,0,0) | E15: =-PMT(E13/12,E14,E12,0,0)
A16: Cash to Close | B16: =((B2/100)*B11)+((B3/100)*B11) | C16: =((B2/100)*C11)+((B3/100)*C11) | D16: =((B2/100)*D11)+((B3/100)*D11)-B6 | E16: =((B2/100)*E11)+((B3/100)*E11)
A17: Monthly Savings | B17: =0 | C17: =B15-C15 | D17: =B15-D15 | E17: =B15-E15
A26: Adjust values in column B (rows 1-8) for different scenarios.
B32: TEMPORARY BUYDOWN CALCULATOR FOR FIXED RATE MORTGAGES
B34: Enter the | C34: Note Rate | D34: 0.0675
B35: Choose One | C35: Annual Buydown | D35: 3/2/1
B38: Enter the | C38: Total Loan Amount | D38: 760000
B39: Enter in years | C39: Term in Years | D39: 30
B44: Temporary Buydown (Points) | D44: =IF(D4="","Pls. select type of annual buydown",ROUND(Calculation!E60,3))
B45: Temporary Buydown ($) | D45: =Calculation!D60
B47: Note Rate | D47: =D3
C48: Rate | D48: Fully Amortized Payment | E48: Payment with TBD | F48: From TBD funds Monthly
B49: First Year | C49: =Calculation!B5 | D49: =Calculation!B11 | E49: =Calculation!C11 | F49: =E18-D18
B50: Second Year | C50: =Calculation!B6 | D50: =Calculation!B23 | E50: =Calculation!C23 | F50: =E19-D19
B51: Third Year | C51: =Calculation!B8 | D51: =Calculation!B35 | E51: =Calculation!C35 | F51: =E20-D20
B52: Succeeding Years | C52: =D16 | D52: =Calculation!B46 | E52: =Calculation!C47 | F52: =E21-D21
